 Dungeon Crawl Stone Soup version 0.30-a0-305-g026cb31310 (webtiles) character file.

Game seed: 2043971652275720247

1390 billz999 the Changer (level 8, -4/78 HPs)
             Began as a Vampire Earth Elementalist on Oct 22, 2022.
             Was an Initiate of Kikubaaqudgha.
             Slain by Grinder (8 damage)
             ... on level 6 of the Dungeon.
             The game lasted 00:14:50 (5851 turns).

billz999 the Changer (Vampire Earth Elementalist)   Turns: 5851, Time: 00:14:51

Health: -4/78      AC:  4    Str:  7    XL:     8   Next: 40%
Magic:  13/15      EV: 13    Int: 19    God:    Kikubaaqudgha [......]
Gold:   205        SH:  0    Dex: 15    Spells: 9/17 levels left

rFire   . . .      SeeInvis +    c - +2 quick blade (vamp)
rCold   + . .      Faith    .    (no shield)
rNeg    . . .      Spirit   .    a - +0 robe
rPois   .          Reflect  .    (no helmet)
rElec   .          Harm     .    y - +0 cloak
rCorr   .          Rampage  .    (no gloves)
Will    .....                    s - +0 pair of boots
Stlth   ..........               (no amulet)
HPRegen 0.53/turn                o - ring of protection from cold
MPRegen 0.14/turn                (no ring)

@: berserking, healing quickly, very quick
A: alive, fangs 3, see invisible, vampiric 2
a: Exsanguinate, Renounce Religion


You were on level 6 of the Dungeon.
You worshipped Kikubaaqudgha.
Kikubaaqudgha was noncommittal.
You visited 2 branches of the dungeon, and saw 7 of its levels.

You collected 244 gold pieces.
You spent 39 gold pieces at shops.

Inventory:

Hand Weapons
 b - a +1 dagger of freezing
 c - a +2 vampiric quick blade (weapon)
 l - a +8 club
Armour
 a - a +0 robe (worn)
 f - +0 fire dragon scales
 s - a +0 pair of boots (worn)
 y - a +0 cloak (worn)
Magical Staves
 h - a staff of conjuration
Jewellery
 o - a ring of protection from cold (left hand)
Wands
 k - a wand of polymorph (5)
 v - a wand of flame (8)
Scrolls
 e - a scroll of silence {unknown}
 g - 2 scrolls of amnesia
 i - 2 scrolls of vulnerability
 j - a scroll of brand weapon
 m - 2 scrolls of enchant armour
 q - a scroll of butterflies
 r - a scroll of identify
 u - a scroll of magic mapping {unknown}
 x - a scroll of fear
Potions
 d - a potion of berserk rage
 n - a potion of haste {unknown}
 p - a potion of might {unknown}
 t - a potion of degeneration {unknown}
 w - a potion of attraction {unknown}
 z - a potion of lignification


   Skills:
 - Level 3.0 Dodging
 - Level 4.2 Stealth
 + Level 5.0 Spellcasting
 * Level 7.6 Transmutations
 + Level 5.8 Earth Magic


You had 9 spell levels left.
You knew the following spells:

 Your Spells              Type           Power      Damage    Failure   Level
a - Sandblast             Erth           54%        2d13      1%          1
b - Petrify               Tmut/Erth      30%        N/A       8%          4
c - Stone Arrow           Conj/Erth      30%        3d8       11%         3

Your spell library contained the following spells:

 Spells                   Type           Power      Damage    Failure   Level
 Passwall                 Tmut/Erth      25%        N/A       1%          2
 Ice Form                 Ice/Tmut       19%        N/A       26%         4
 Hailstorm                Conj/Ice       4%         3d4       36%         3
 Inner Flame              Hex/Fire       4%         N/A       36%         3
 Cause Fear               Hex            2%         N/A       77%         4
 Simulacrum               Ice/Necr       2%         N/A       100%        6
 Discord                  Hex            2%         N/A       100%        8


Dungeon Overview and Level Annotations

Branches:
Dungeon (6/15)             Temple (1/1) D:4

Altars:
Ashenzari
Cheibriados
Gozag
Kikubaaqudgha
Makhleb
Okawaru
Sif Muna
Uskayaw
Vehumet
Wu Jian
Yredelemnul

Shops:
D:3 *   D:4 :

Annotations:
D:2 Terence
D:3 1 runed translucent door, Sobieck's ghost, amateur KoGl
D:6 Grinder; Pikel; Sigmund


Innate Abilities, Weirdness & Mutations

Your natural rate of healing is accelerated.
You have razor-sharp teeth.
You have supernaturally acute eyesight. (SInv)
You are afflicted with vampirism and can become a bat while bloodless.


Message History

The orc shouts!
You bite the ogre.
The ogre is severely wounded.
Grinder closely misses you.
The helpless ogre fails to defend itself.
You hit the ogre.
You feel better.
The ogre is severely wounded.
Grinder hits you but does no damage.
You barely miss Grinder. Grinder gestures at you.
You struggle to resist.
The helpless ogre fails to defend itself.
You puncture the ogre!
You feel better.
You kill the ogre!
Kikubaaqudgha accepts your kill.
Your Spellcasting skill increases to level 5!
You completely miss Grinder. Grinder gestures at you.
Pain shoots through your body!
You hit Grinder but do no damage.
Grinder zaps a wand.
The bolt of light hits you!
* * * LOW HITPOINT WARNING * * *
You hit Grinder but do no damage. You hit Grinder.
Grinder is lightly wounded.
Grinder hits you.
* * * LOW HITPOINT WARNING * * *
It was a potion of berserk rage.
A red film seems to cover your vision as you go berserk!
You feel yourself moving faster!
You feel mighty! Grinder hits you!
* * * LOW HITPOINT WARNING * * *
You closely miss Grinder.
Grinder is lightly wounded.
You puncture Grinder! You bite Grinder.
Grinder is heavily wounded.
The orc hits you with a +0 club.
* * * LOW HITPOINT WARNING * * *
Grinder hits you!
You die...
Kikubaaqudgha rasps: "You have failed me!
Welcome... death!"

.....# ......
###..... #......
#....#...o........
#$...#...........
#.$.)...........#
##o5# ..........##
#.@.#
.##..........
##.##
......hg....> ..#
#........# #...
#...<....# #...
............#
...##
.....#.....O. ...#
.......$.....
#^.##
.....g.g.....
.[.......!...


You could see Grinder and an orc.

Vanquished Creatures
  Menkaure (D:4)
  Edmund (D:4)
  2 ogres
  A phantom (D:5)
  A lemure (D:5)
  A necrophage (D:5)
  3 scorpions
  2 howler monkeys (D:5)
  5 hounds
  A jelly (D:6)
  Crazy Yiuf (D:5)
  Ijyb (D:5)
  2 iguanas (D:5)
  3 orc wizards
  9 adders
  7 gnolls
  A white imp (D:5)
  2 dart slugs
  10 orcs
  8 ball pythons
  8 endoplasms
  7 giant cockroaches
  10 goblins
  5 hobgoblins
  4 jackals
  3 quokkas
  6 bats
  6 frilled lizards
  10 kobolds
  3 rats
124 creatures vanquished.

Notes
Turn   | Place    | Note
-------+----------+-------------------------------------------
     0 | D:1      | billz999 the Vampire Earth Elementalist began the quest for
                  | the Orb.
     0 | D:1      | Reached XP level 1. HP: 13/13 MP: 3/3
     2 | D:1      | Noticed a demigod
     4 | D:1      | Noticed an armataur
     4 | D:1      | Noticed an octopode
     6 | D:1      | Noticed a vampire
     6 | D:1      | Noticed a ghoul
     8 | D:1      | Noticed a tengu
     8 | D:1      | Noticed a naga
    10 | D:1      | Noticed a felid
    10 | D:1      | Noticed a merfolk
    12 | D:1      | Noticed a formicid
    14 | D:1      | Noticed a meteoran
    14 | D:1      | Noticed a troll
    17 | D:1      | Noticed an elf
    17 | D:1      | Noticed a human
    19 | D:1      | Noticed a draconian
    19 | D:1      | Noticed a spriggan
    21 | D:1      | Noticed a vine stalker
    21 | D:1      | Noticed a gargoyle
    24 | D:1      | Noticed an ogre
    24 | D:1      | Noticed a minotaur
    26 | D:1      | Noticed a demonspawn
    26 | D:1      | Noticed a troll
    28 | D:1      | Noticed a felid
    28 | D:1      | Noticed a troll
   253 | D:1      | Reached XP level 2. HP: 16/19 MP: 0/5
   391 | D:1      | Found a faded altar of an unknown god.
   674 | D:1      | Gained mutation: You are afflicted with vampirism and can
                  | become a bat while bloodless. [Vampire growth]
   674 | D:1      | Reached XP level 3. HP: 24/24 MP: 4/6
  1473 | D:2      | Reached skill level 2 in Transmutations
  1737 | D:2      | Reached XP level 4. HP: 20/30 MP: 1/7
  2028 | D:2      | Noticed Terence
  2054 | D:3      | Noticed a bullfrog
  2054 | D:3      | Found a runed translucent door.
  2063 | D:3      | Learned a level 4 spell: Petrify
  2337 | D:3      | Found Hoil's General Store.
  2373 | D:3      | Bought a potion of curing for 39 gold pieces
  2755 | D:3      | Noticed Sobieck's ghost (amateur KoGl)
  2834 | D:4      | Reached XP level 5. HP: 32/35 MP: 6/9
  2890 | D:4      | You fall into a shaft and drop 2 floors!
  2922 | D:6      | Reached skill level 3 in Transmutations
  2984 | D:6      | Noticed a lemure
  2984 | D:6      | Noticed a lemure
  3066 | D:6      | Noticed a lemure
  3067 | D:6      | Noticed Pikel
  3067 | D:6      | Noticed a lemure
  3080 | D:5      | Entered Level 5 of the Dungeon
  3136 | D:5      | Noticed an ogre
  3146 | D:5      | Killed an ogre
  3147 | D:5      | Reached skill level 4 in Transmutations
  3147 | D:5      | Reached XP level 6. HP: 17/41 MP: 5/11
  3259 | D:5      | Found a runed translucent door.
  3260 | D:5      | Noticed Crazy Yiuf
  3263 | D:5      | Identified a scroll of acquirement
  3263 | D:5      | Acquired a +2 vampiric quick blade
  3404 | D:5      | Reached skill level 5 in Transmutations
  3580 | D:5      | Noticed Ijyb
  3585 | D:5      | Killed Ijyb
  3586 | D:5      | Reached XP level 7. HP: 37/46 MP: 9/12
  4160 | D:4      | Found a radiant altar of Vehumet.
  4164 | D:4      | Noticed Menkaure
  4210 | D:4      | Noticed Edmund
  4219 | D:3      | Reached skill level 5 in Earth Magic
  4294 | D:4      | Killed Menkaure
  4295 | D:4      | Reached skill level 6 in Transmutations
  4637 | D:4      | HP: 1/46 [Edmund/+1 flail of protection (13)]
  4798 | D:4      | Killed Edmund
  4826 | D:4      | Found a staircase to the Ecumenical Temple.
  4840 | Temple   | Entered the Ecumenical Temple
  4883 | Temple   | Became a worshipper of Kikubaaqudgha
  4954 | D:4      | Found Fiddenycw's Book Shop.
  5034 | D:4      | Learned a level 3 spell: Stone Arrow
  5116 | D:5      | Reached XP level 8. HP: 52/52 MP: 11/14
  5402 | D:5      | Killed Crazy Yiuf
  5529 | D:6      | Noticed Sigmund
  5547 | D:5      | Reached skill level 7 in Transmutations
  5683 | D:6      | Noticed Grinder
  5833 | D:6      | Paralysed by Grinder for 5 turns
  5845 | D:6      | Reached skill level 5 in Spellcasting
  5851 | D:6      | Slain by Grinder

Illustrated notes

Levels and vault maps discovered:
D:1:      kb_arrival_jail, layout_loops_ring, shapermc_ecumenical_altar_venn
D:2:      minmay_razor_zed, layout_basic, supply_closet_lemuel, uniq_terence
D:3:      layout_rooms, ebering_ghost_sewer_d, serial_shops, shop
D:4:      layout_cave_pools, zin_statuary, vehumet_altar_wand_db,
          minmay_temple_entry_hall, serial_shops, nicolae_lakefront_shop,
          nicolae_kite_square_tiling_tiny, uniq_edmund, uniq_menkaure
D:5:      layout_loops_corners, kennysheep_small_circle,
          uniq_crazy_yiuf_cottage, uniq_ijyb
D:6:      layout_cave_pools, tgw_trog, uniq_grinder, uniq_pikel, uniq_sigmund
Temple:   hellmonk_temple_of_storms

Skill      XL: |  1  2  3  4  5  6  7  8 |
---------------+-------------------------+-----
Transmutations | 2 4 5 6 7 |  7.6
Stealth        | 4 |  4.2
Dodging        | 3 |  3.0
Spellcasting   | 3 4 5 |  5.0
Earth Magic    | 4 5 |  5.8

Action                   |  1- 3 |  4- 6 |  7- 9 || total
-------------------------+-------+-------+-------++-------
Melee: Unarmed           |    53 |     2 |       ||    55
       Bite              |     8 |       |    16 ||    24
       Dagger            |     4 |     3 |     3 ||    10
       Quick blade       |       |     3 |    77 ||    80
       Punch             |       |       |     3 ||     3
 Cast: Sandblast         |    62 |    72 |    85 ||   219
       Petrify           |       |       |     6 ||     6
Evoke: Wand              |       |       |     1 ||     1
  Use: Potion            |     2 |     4 |     4 ||    10
       Scroll            |     2 |    11 |     1 ||    14
 Stab: Sleeping          |       |     1 |       ||     1
       Petrified         |       |       |    41 ||    41
       Petrifying        |       |       |     1 ||     1
Armor: Robe              |    30 |     4 |    22 ||    56
       Skin              |     1 |     1 |       ||     2
Dodge: Dodged            |    62 |    30 |    74 ||   166

Table legend: (Time is in decaauts)
 A = Elapsed time spent in this place.
 B = Non-inter-level travel time spent in this place.
 C = Inter-level travel time spent in this place.
 D = Time resting spent in this place.
 E = Time spent auto-exploring this place.
 F = Levels seen in this place.
 G = Mean time per level.
                   A        B        C        D        E       F      G
               +--------+--------+--------+--------+--------+-----+--------+
         Total |   5944 |   5527 |    417 |    692 |   3792 |   7 |  849.1 |
       Dungeon |   5893 |   5490 |    403 |    692 |   3768 |   6 |  982.2 |
        Temple |     50 |     36 |     14 |      0 |     24 |   1 |   50.0 |
               +--------+--------+--------+--------+--------+-----+--------+

Top non-repeatable levels by time:
     D:5: 1800 daAuts
     D:1: 1276 daAuts
     D:3: 1088 daAuts
     D:2: 814 daAuts
     D:4: 660 daAuts
     D:6: 252 daAuts
  Temple: 50 daAuts
